 Dungeon Sprint DCSS version 0.23-a0-398-g8eab93f (webtiles) character file.

24595 emperorscorpion the Eclecticist (level 13, -14/81 HPs)
             Began as an Octopode Air Elementalist on Nov 3, 2018.
             Was the Champion of Vehumet.
             Demolished by a cyan ugly thing (16 damage)
             ... in the Dungeon (Sprint IX: "|||||||||||||||||||||||||||||") on Nov 4, 2018.
             The game lasted 00:13:55 (3538 turns).

emperorscorpion the Eclecticist (OpAE)              Turns: 3538, Time: 00:13:56

Health: -14/81     AC:  5    Str:  8    XL:     13   Next: 14%
Magic:  8/34       EV: 18    Int: 24    God:    Vehumet [******]
Gold:   431        SH:  0    Dex: 16    Spells: 19/47 levels left

rFire    . . .     SeeInvis .   a - +4 quarterstaff (speed)
rCold    + . .     Gourm    .   (shield currently unavailable)
rNeg     . . .     Faith    .   (helmet restricted)
rPois    .         Spirit   .   (no amulet)
rElec    .         Reflect  .   o - +2 ring of protection
rCorr    .         Harm     .   n - +2 ring of protection
MR       .....     NoTele   +   q - ring "Ykluurph" {*Contam +Fly Int+3 Dex+3}
Stlth    +++++.....             k - ring of protection from cold
HPRegen  0.23/turn              (no ring)
MPRegen  0.24/turn              (no ring)
                                (no ring)
                                (no ring)

@: sluggish, very slow
A: almost no armour, stealthy swim, amphibious, 8 rings, constrict 8, camouflage
1, gelatinous body 1
a: Renounce Religion, Evoke Flight


You were in the Dungeon.
You worshipped Vehumet.
Vehumet was exalted by your worship.
You were not hungry.

You visited 1 branch You collected 1931 gold pieces.
You spent 1500 gold pieces at shops.

Inventory:

Hand Weapons
 a - a +4 quarterstaff of speed (weapon)
 u - a +3 blowgun
Missiles
 v - 5 curare-tipped needles
Magical Staves
 b - an uncursed staff of energy
Jewellery
 k - a ring of protection from cold (on tentacle)
 n - a +2 ring of protection (right tentacle)
 o - a +2 ring of protection (left tentacle)
 q - the ring "Ykluurph" (on tentacle) {*Contam +Fly Int+3 Dex+3}
   (You found it in the Dungeon)

   [ring of flight]

   It affects your intelligence (+3).
   It affects your dexterity (+3).
   It lets you fly.
   It causes magical contamination when unequipped.
 w - an uncursed ring of ice
 x - an uncursed ring of ice
 y - an uncursed ring of ice
Scrolls
 h - 4 scrolls of blinking
 i - 4 scrolls of remove curse
 j - 2 scrolls of amnesia
 m - a scroll of identify
 r - 2 scrolls of enchant armour
 s - 2 scrolls of fog
 B - 6 scrolls of enchant weapon
Potions
 c - 8 potions of curing
 d - 9 potions of heal wounds
 e - a potion of haste
 f - 3 potions of magic
 g - a potion of invisibility
 p - a potion of mutation
 z - 2 potions of agility
 A - a potion of might
Miscellaneous
 t - a lamp of fire (inert)
Comestibles
 l - 11 rations


   Skills:
 + Level 4.4 Fighting
 + Level 5.0 Staves
 + Level 7.1 Dodging
 + Level 8.3 Stealth
 + Level 4.0 Unarmed Combat
 + Level 17.8 Spellcasting
 + Level 16.4 Conjurations
 - Level 3.5 Charms
 * Level 3.8 Transmutations
 + Level 15.3 Air Magic
 * Level 3.9 Earth Magic
 + Level 7.1 Evocations


You had 19 spell levels left.
You knew the following spells:

 Your Spells              Type           Power        Failure   Level  Hunger
a - Shock                 Conj/Air       ####         0%          1    None
b - Airstrike             Air            #######...   1%          4    None
c - Lightning Bolt        Conj/Air       #######...   1%          5    None
d - Swiftness             Chrm/Air       ######..     1%          2    None
e - Bolt of Magma         Conj/Fire/Erth ######....   1%          5    None
f - Iskenderun's Battles  Conj/Chrm      ######..     1%          5    None
g - Statue Form           Tmut/Erth      #####....    58%         6    ####...

Your spell library contained the following spells:

 Spells                   Type           Power        Failure   Level  Hunger
 Spellforged Servitor     Conj/Summ      ######....   17%         7    #####..
 Static Discharge         Conj/Air       #######.     0%          3    None
 Irradiate                Conj/Tmut      ######....   1%          5    None
 Animate Skeleton         Necr           N/A          2%          1    None
 Pain                     Necr           ###.         2%          1    None
 Regeneration             Chrm/Necr      ####......   3%          3    None
 Vampiric Draining        Necr           ###.......   7%          3    None
 Animate Dead             Necr           N/A          24%         4    None
 Hydra Form               Tmut           #####.....   58%         6    ####...
 Dragon Form              Tmut           #####.....   99%         7    #####..


Dungeon Overview and Level Annotations

Branches:
Dungeon (1/1)

Altars:
Cheibriados
Dithmenos
Elyvilon
Fedhas
Gozag
Hepliaklqana
Kikubaaqudgha
Makhleb
Nemelex Xobeh
Okawaru
Qazlal
Ru
Sif Muna
Trog
Uskayaw
Vehumet
Wu Jian
Xom
Yredelemnul
Zin
The Shining One
Beogh
Jiyva
Lugonu

Shops:
D (}*:


Innate Abilities, Weirdness & Mutations

You cannot wear most types of armour.
You are very stealthy in the water. (Stealth+)
You are amphibious.
You can wear up to eight rings at the same time.
You can use your tentacles to constrict eight enemies at once.
Your skin changes colour to match your surroundings (Stealth+).
Your rubbery body absorbs attacks. (AC +1, EV +1)


Message History

You thump the cyan ugly thing! Your grab misses the cyan ugly thing.
The cyan ugly thing is heavily wounded.
The cyan ugly thing closely misses you.
You sock the cyan ugly thing! Your grab misses the cyan ugly thing.
The cyan ugly thing is severely wounded.
You hit the cyan ugly thing. You grab the cyan ugly thing.
The cyan ugly thing is severely wounded.
You constrict the cyan ugly thing, but do no damage.
The cyan ugly thing kicks you! The cyan ugly thing shocks you!
* * * LOW HITPOINT WARNING * * *
You hit the cyan ugly thing.
The cyan ugly thing is severely wounded.
You constrict the cyan ugly thing, but do no damage.
The cyan ugly thing closely misses you.
You sock the cyan ugly thing!
The cyan ugly thing is almost dead.
You constrict the cyan ugly thing. The cyan ugly thing kicks you!
* * * LOW HITPOINT WARNING * * *
The cyan ugly thing shocks you!
You die...

....................▓
▓▓▓▓▓▓▓▓▓▓▓▓▓▓▓▓▓▓▓.▓
...÷..(.....'.......▓
▓▓▓▓▓▓▓▓▓▓▓▓▓▓▓▓▓▓▓▓▓
).....))............▓
▓▓▓▓▓▓▓▓▓▓▓▓▓▓▓▓▓▓▓)▓
[)))))).....))......▓
▓▓▓▓▓▓▓▓▓▓▓▓▓▓▓▓▓▓▓▓▓
................@uC.▓
▓▓▓▓▓▓▓▓▓▓▓▓▓▓▓▓▓▓▓.▓
))))).....'.C....u..▓
▓▓▓▓▓▓▓▓▓▓▓▓▓▓▓▓▓▓▓▓▓


You could see a fire giant and a cyan ugly thing.

Vanquished Creatures
  A stone giant (D)
  3 dire elephants (D)
  An ettin (D)
  2 hydras (D)
  A centaur warrior (D)
  A tengu warrior (D)
  3 ogre magi (D)
  2 orc high priests (D)
  Sonja (D)
  An iron troll (D)
  An unseen horror (D)
  7 deep trolls (D)
  3 orc knights (D)
  A deep elf mage (D)
  Joseph (D)
  5 elephants (D)
  A black mamba (D)
  2 spiny frogs (D)
  A tengu conjurer (D)
  2 komodo dragons (D)
  A troll (D)
  A queen bee (shapeshifter) (D)
  A blink frog (D)
  2 hippogriffs (D)
  A yak (D)
  A wyvern (D)
  A steam dragon (D)
  A vampire mosquito (D)
  A basilisk (D)
  3 water moccasins (D)
  A porcupine (D)
  An ice beast (D)
  10 orc warriors (D)
  An ogre (D)
  An eye of draining (D)
  A necrophage (D)
  A crocodile (D)
  A big kobold (D)
  A wight (D)
  A howler monkey (D)
  A crimson imp (D)
  3 hounds (D)
  2 orc priests (D)
  5 orc wizards (D)
  An iguana (D)
  2 worker ants (D)
  A hell rat (D)
  5 orcs (D)
  A bat zombie (D)
  A giant cockroach (D)
  A goblin (D)
  A kobold (D)
  A bat (D)
  A jackal zombie (D)
  2 rats (D)
100 creatures vanquished.

Notes
Turn   | Place    | Note
-------+----------+-------------------------------------------
     0 | D        | emperorscorpion the Octopode Air Elementalist began the
                  | quest for the Orb.
     0 | D        | Reached XP level 1. HP: 11/11 MP: 3/3
   102 | D        | Noticed a hound
   102 | D        | Noticed a worker ant
   102 | D        | Noticed a howler monkey
   108 | D        | Killed a howler monkey
   108 | D        | Reached skill level 3 in Spellcasting
   108 | D        | Reached skill level 5 in Air Magic
   108 | D        | Reached XP level 2. HP: 16/17 MP: 0/6
   108 | D        | Reached XP level 3. HP: 20/21 MP: 0/8
   112 | D        | Reached skill level 4 in Spellcasting
   112 | D        | Reached XP level 4. HP: 25/27 MP: 0/10
   126 | D        | Found a roughly hewn altar of Beogh.
   126 | D        | Found a snail-covered altar of Cheibriados.
   126 | D        | Found a shadowy altar of Dithmenos.
   126 | D        | Found a white marble altar of Elyvilon.
   126 | D        | Found a blossoming altar of Fedhas.
   126 | D        | Found an opulent altar of Gozag.
   127 | D        | Found a hazy altar of Hepliaklqana.
   128 | D        | Found a viscous altar of Jiyva.
   129 | D        | Found an ancient bone altar of Kikubaaqudgha.
   130 | D        | Found a corrupted altar of Lugonu.
   131 | D        | Found a burning altar of Makhleb.
   132 | D        | Found a sparkling altar of Nemelex Xobeh.
   133 | D        | Found an iron altar of Okawaru.
   134 | D        | Found a stormy altar of Qazlal.
   135 | D        | Found a sacrificial altar of Ru.
   136 | D        | Found a deep blue altar of Sif Muna.
   137 | D        | Found a bloodstained altar of Trog.
   138 | D        | Found a hide-covered altar of Uskayaw.
   139 | D        | Found a radiant altar of Vehumet.
   140 | D        | Found an ornate altar of the Wu Jian Council.
   141 | D        | Found a shimmering altar of Xom.
   142 | D        | Found a basalt altar of Yredelemnul.
   143 | D        | Found a glowing silver altar of Zin.
   144 | D        | Found a glowing golden altar of the Shining One.
   147 | D        | Became a worshipper of Vehumet
   179 | D        | Learned a level 4 spell: Airstrike
   257 | D        | Noticed a necrophage
   257 | D        | Noticed a big kobold
   257 | D        | Noticed a steam dragon
   257 | D        | Noticed an ogre
   257 | D        | Noticed an orc warrior
   263 | D        | Killed an orc warrior
   263 | D        | Reached skill level 1 in Fighting
   263 | D        | Reached skill level 1 in Staves
   263 | D        | Reached skill level 5 in Stealth
   263 | D        | Reached skill level 1 in Unarmed Combat
   263 | D        | Reached skill level 5 in Spellcasting
   263 | D        | Reached XP level 5. HP: 33/33 MP: 11/13
   268 | D        | Killed an ogre
   268 | D        | Reached skill level 6 in Spellcasting
   268 | D        | Reached skill level 5 in Conjurations
   268 | D        | Reached XP level 6. HP: 35/38 MP: 6/15
   269 | D        | Killed a necrophage
   269 | D        | Reached * piety under Vehumet
   269 | D        | Offered knowledge of Freeze by Vehumet.
   271 | D        | Killed a steam dragon
   271 | D        | Reached skill level 7 in Spellcasting
   271 | D        | Reached XP level 7. HP: 41/44 MP: 4/17
   275 | D        | Reached ** piety under Vehumet
   291 | D        | Learned a level 5 spell: Lightning Bolt
   378 | D        | Noticed a vampire mosquito
   381 | D        | Reached skill level 5 in Dodging
   382 | D        | Reached skill level 8 in Spellcasting
   382 | D        | Reached *** piety under Vehumet
   383 | D        | Killed a vampire mosquito
   383 | D        | Reached skill level 10 in Air Magic
   383 | D        | Reached XP level 8. HP: 50/50 MP: 6/20
   487 | D        | Got the ring "Ykluurph" {*Contam +Fly Int+3 Dex+3}
   501 | D        | Noticed a yak
   501 | D        | Noticed a komodo dragon
   501 | D        | Noticed a spiny frog
   501 | D        | Noticed a komodo dragon
   503 | D        | Offered knowledge of Throw Frost by Vehumet.
   503 | D        | Killed a spiny frog
   503 | D        | Reached **** piety under Vehumet
   503 | D        | Reached skill level 9 in Spellcasting
   505 | D        | Killed a komodo dragon
   505 | D        | Reached skill level 10 in Spellcasting
   505 | D        | Killed a komodo dragon
   505 | D        | Reached ***** piety under Vehumet
   505 | D        | Reached XP level 9. HP: 55/55 MP: 4/23
   506 | D        | Noticed a spiny frog
   516 | D        | Killed a spiny frog
   521 | D        | Reached skill level 11 in Spellcasting
   539 | D        | Learned a level 2 spell: Swiftness
   549 | D        | Noticed a black mamba
   553 | D        | Reached skill level 10 in Conjurations
   590 | D        | Killed a black mamba
   608 | D        | Reached ****** piety under Vehumet
   608 | D        | Reached XP level 10. HP: 18/63 MP: 2/25
   609 | D        | Reached skill level 1 in Evocations
   614 | D        | Reached skill level 12 in Spellcasting
   620 | D        | Noticed a seven-headed hydra
   678 | D        | Killed a seven-headed hydra
   678 | D        | Offered knowledge of Throw Flame by Vehumet.
   709 | D        | Noticed an elephant
   709 | D        | Noticed a dire elephant
   709 | D        | Noticed a dire elephant
   709 | D        | Noticed an elephant
   709 | D        | Noticed an elephant
   709 | D        | Noticed an elephant
   711 | D        | Killed an elephant
   711 | D        | Reached skill level 1 in Charms
   712 | D        | Noticed a dire elephant
   713 | D        | Killed an elephant
   713 | D        | Killed an elephant
   713 | D        | Reached skill level 13 in Spellcasting
   721 | D        | Killed an elephant
   740 | D        | Killed a dire elephant
   740 | D        | Reached skill level 5 in Evocations
   740 | D        | Reached XP level 11. HP: 47/69 MP: 1/28
   802 | D        | Killed a dire elephant
   814 | D        | Killed a dire elephant
   814 | D        | Reached skill level 14 in Spellcasting
  1040 | D        | Offered knowledge of Stone Arrow by Vehumet.
  1199 | D        | Noticed Joseph
  1206 | D        | Killed Joseph
  1206 | D        | Offered knowledge of Bolt of Magma by Vehumet.
  1213 | D        | Learned a level 5 spell: Bolt of Magma
  1330 | D        | Noticed Sonja
  1332 | D        | Killed Sonja
  1332 | D        | Offered knowledge of Iron Shot by Vehumet.
  1559 | D        | Noticed an orc high priest
  1559 | D        | Noticed an orc knight
  1566 | D        | Offered knowledge of Venom Bolt by Vehumet.
  1567 | D        | Killed an orc knight
  1660 | D        | Killed an orc high priest
  1660 | D        | Reached skill level 15 in Spellcasting
  1721 | D        | Noticed an orc knight
  1837 | D        | Killed an orc knight
  1944 | D        | Noticed an orc knight
  1948 | D        | Killed an orc knight
  2050 | D        | Noticed an orc high priest
  2054 | D        | Noticed a sun demon
  2057 | D        | Killed an orc high priest
  2057 | D        | Reached XP level 12. HP: 68/75 MP: 2/31
  2293 | D        | Found Xevea's Book Boutique.
  2293 | D        | Noticed an ogre mage
  2293 | D        | Noticed an iron troll
  2293 | D        | Noticed an ettin
  2398 | D        | Killed an ettin
  2398 | D        | Offered knowledge of Iskenderun's Battlesphere by Vehumet.
  2398 | D        | Reached skill level 5 in Staves
  2405 | D        | Learned a level 5 spell: Iskenderun's Battlesphere
  2449 | D        | Killed an iron troll
  2691 | D        | Reached skill level 16 in Spellcasting
  2691 | D        | Reached skill level 15 in Conjurations
  2778 | D        | Killed an ogre mage
  2811 | D        | Found Serch's General Store.
  2814 | D        | Found Zoong's Gadget Boutique.
  2819 | D        | Noticed a stone giant
  2822 | D        | Noticed an ogre mage
  2823 | D        | Offered knowledge of Bolt of Draining by Vehumet.
  2824 | D        | Killed an ogre mage
  2826 | D        | Killed a stone giant
  2826 | D        | Reached skill level 17 in Spellcasting
  3258 | D        | Found Izanoic's Antique Weapon Shop.
  3267 | D        | Bought a lamp of fire for 480 gold pieces
  3291 | D        | Bought a book of Transfigurations for 660 gold pieces
  3291 | D        | Bought a book of Necromancy for 360 gold pieces
  3298 | D        | Learned a level 6 spell: Statue Form
  3412 | D        | Found the +1 cloak of Starlight {rElec rC+ EV+4 Stlth--}
  3442 | D        | Noticed a centaur warrior
  3449 | D        | Reached skill level 1 in Transmutations
  3449 | D        | Reached skill level 1 in Earth Magic
  3454 | D        | Offered knowledge of Spellforged Servitor by Vehumet.
  3455 | D        | Killed a centaur warrior
  3455 | D        | Reached skill level 15 in Air Magic
  3457 | D        | Noticed a four-headed hydra
  3460 | D        | Killed a four-headed hydra
  3460 | D        | Reached XP level 13. HP: 72/81 MP: 13/34
  3476 | D        | Noticed a fire giant
  3477 | D        | Noticed an ettin
  3538 | D        | HP: 2/81 [cyan ugly thing (11)]
  3538 | D        | Demolished by a cyan ugly thing

Vault maps used:
D:        linesprint

Skill      XL: |  1  2  3  4  5  6  7  8  9 10 11 12 13 |
---------------+----------------------------------------+-----
Stealth        | 3 5 6 7 8 |  8.3
Spellcasting   | 3 4 5 6 7 8 10 11 13 15 17 | 17.8
Conjurations   | 2 3 4 5 6 8 10 12 14 16 | 16.4
Air Magic      | 5 7 8 9 10 11 12 13 15 | 15.3
Dodging        | 3 4 5 6 7 |  7.1
Fighting       | 1 2 3 4 |  4.4
Staves         | 1 2 3 4 5 |  5.0
Unarmed Combat | 1 2 3 4 |  4.0
Evocations     | 5 6 7 |  7.1
Charms         | 1 2 3 |  3.5
Transmutations | 2 3 |  3.8
Earth Magic    | 2 3 |  3.9

Action                   |  1- 3 |  4- 6 |  7- 9 | 10-12 | 13-15 || total
-------------------------+-------+-------+-------+-------+-------++-------
Melee: Unarmed           |     7 |     6 |       |       |       ||    13
       Tentacles         |     1 |     4 |     2 |       |       ||     7
       Constrict         |     1 |     3 |     3 |       |     1 ||     8
       Quarterstaff      |       |     5 |    18 |     1 |     7 ||    31
 Cast: Shock             |     5 |     7 |     5 |     2 |       ||    19
       Lightning Bolt    |       |       |    16 |    99 |     7 ||   122
       Swiftness         |       |       |     1 |     7 |     1 ||     9
       Airstrike         |       |       |     1 |       |       ||     1
       Iskenderun's Batt |       |       |       |     3 |       ||     3
       Bolt of Magma     |       |       |       |       |     1 ||     1
Evoke: Wand              |       |     1 |       |     9 |       ||    10
       Staff of energy   |       |       |     6 |    14 |       ||    20
       Lamp of fire      |       |       |       |       |     1 ||     1
  Use: Potion            |     1 |       |       |     1 |       ||     2
 Stab: Sleeping          |       |       |     1 |       |       ||     1
  Eat: Chunk             |       |       |     1 |    10 |       ||    11
Armor: Skin              |     1 |     1 |    10 |     7 |       ||    19
Dodge: Dodged            |     4 |     9 |    26 |     9 |     5 ||    53

Table legend:
 A = Non-vault XP
 B = Vault XP
 C = Vault XP percentage of total XP
 D = Non-vault monster count
 E = Vault monster count
 F = Vault count percentage of total count
                 A         B        C        D         E       F
            +---------+---------+-------+---------+---------+-------
      Total |       0 |   35137 | 100.0 |       0 |     100 | 100.0
            +---------+---------+-------+---------+---------+-------
          D |       0 |   35137 | 100.0 |       0 |     100 | 100.0
            +---------+---------+-------+---------+---------+-------
